TOP OF THE 1ST |
Lewiston Broncs batting - Pitching for Kennewick Bear Cubs : LHP Ramon Mascorro
|
Pitching: LHP Ramon Mascorro
|
|
Batting: LHB Wayne Kirby
|
0-0: Bunt for hit to P - play at first, batter OUT! 1-3
|
Batting: LHB Nestor Moreno
|
0-0: Called Strike 0-1: Called Strike 0-2: Ball 1-2: Foul Ball, location: 2F 1-2: Ball 2-2: Ground out U3 (Groundball, 34, EV 102.5 MPH)
|
Batting: RHB Jeff Kunkel
|
0-0: Ball 1-0: Ball 2-0: Ball 3-0: Base on Balls
|
Batting: RHB Bruce Castoria
|
0-0: Foul Ball, location: 2F 0-1: Swinging Strike 0-2: Ball Wild Pitch! Jeff Kunkel to second 1-2: Strikes out swinging
|
Top of the 1st over - 0 runs, 0 hits, 0 errors, 1 left on base; Lewiston 0 - Kennewick 0 |
BOTTOM OF THE 1ST |
Kennewick Bear Cubs batting - Pitching for Lewiston Broncs : RHP Wray Bergendahl
|
Pitching: RHP Wray Bergendahl
|
|
Batting: RHB Matthew Sferrazza
|
0-0: Ball 1-0: SINGLE (Groundball, 56S, EV 77.5 MPH) (infield hit)
|
Batting: LHB Steven Morris
|
0-0: Called Strike 0-1: Ball Matthew Sferrazza steals 2nd base 1-1: Called Strike 1-2: Foul Ball, location: 2F 1-2: Foul Ball, location: 2F 1-2: Ground out 2-3 (Groundball, 15S, EV 68.1 MPH) Matthew Sferrazza to third
|
Batting: LHB Jose Birriel
|
0-0: Fly out, F9 (Flyball, 89M, EV 88.1 MPH) Runner from 3rd tags up, SCORES, no throw by RF
|
Batting: RHB Jonathan Black
|
0-0: Ball 1-0: Ball 2-0: Ground out 6-3 (Groundball, 6, EV 88.8 MPH)
|
Bottom of the 1st over - 1 run, 1 hit, 0 errors, 0 left on base; Lewiston 0 - Kennewick 1 |
TOP OF THE 2ND |
Lewiston Broncs batting - Pitching for Kennewick Bear Cubs : LHP Ramon Mascorro
|
Batting: RHB Sal D'Alessandro
|
0-0: Called Strike 0-1: Ball 1-1: DOUBLE (Flyball, 8LXD, EV 95.6 MPH)
|
Batting: RHB Julio Marin
|
0-0: Ball 1-0: Ball 2-0: Called Strike 2-1: Swinging Strike 2-2: Foul Ball, location: 2F 2-2: Strikes out looking
|
Batting: RHB Tony Cordova
|
0-0: SINGLE (Groundball, 56S, EV 69.4 MPH) (infield hit) Sal D'Alessandro to third
|
Batting: RHB Thomas Gaeta
|
0-0: Called Strike 0-1: Ball 1-1: Ball 2-1: Foul Ball, location: 2F 2-2: Ball 3-2: Foul Ball, location: 2F 3-2: DOUBLE (Line Drive, 9LD, EV 109.4 MPH) Sal D'Alessandro scores Tony Cordova to third
|
Batting: SHB Stephen Kowalski
|
0-0: Ball 1-0: Fly out, F8 (Flyball, 78D, EV 92.5 MPH) Runner from 3rd tags up, SCORES, throw by CF Thomas Gaeta to third
|
Batting: LHB Wayne Kirby
|
0-0: SINGLE (Groundball, 4MD, EV 99.4 MPH) Thomas Gaeta scores
|
Batting: LHB Nestor Moreno
|
0-0: Ground out 4-3 (Groundball, 34, EV 77.5 MPH)
|
Top of the 2nd over - 3 runs, 4 hits, 0 errors, 1 left on base; Lewiston 3 - Kennewick 1 |
BOTTOM OF THE 2ND |
Kennewick Bear Cubs batting - Pitching for Lewiston Broncs : RHP Wray Bergendahl
|
Batting: RHB Roger Jensen
|
0-0: Ball 1-0: Foul Ball, location: 2F 1-1: Called Strike 1-2: Foul Ball, location: 2F 1-2: Foul Ball, location: 2F 1-2: Ball 2-2: Ball 3-2: Fly out, F8 (Flyball, 8RD, EV 96.3 MPH)
|
Batting: RHB Ruben Machado
|
0-0: Fly out, F9 (Flyball, 9LS, EV 77.5 MPH)
|
Batting: SHB Eriberto Them
|
0-0: Ball 1-0: Called Strike 1-1: Fly out, F8 (Flyball, 8LS, EV 71.3 MPH)
|
Bottom of the 2nd over - 0 runs, 0 hits, 0 errors, 0 left on base; Lewiston 3 - Kennewick 1 |
TOP OF THE 3RD |
Lewiston Broncs batting - Pitching for Kennewick Bear Cubs : LHP Ramon Mascorro
|
Batting: RHB Jeff Kunkel
|
0-0: Ground out 4-3 (Groundball, 4, EV 85.0 MPH)
|
Batting: RHB Bruce Castoria
|
0-0: Ball 1-0: Ball 2-0: Ball 3-0: Called Strike 3-1: Base on Balls
|
Batting: RHB Sal D'Alessandro
|
0-0: DOUBLE (Flyball, 3D, EV 95.6 MPH) Bruce Castoria to third
|
Batting: RHB Julio Marin
|
0-0: Ball 1-0: Ball 2-0: Foul Ball, location: 2F 2-1: Fly out, F6 (Flyball, 56D, EV 90.6 MPH)
|
Batting: RHB Tony Cordova
|
0-0: Ball 1-0: Fly out, F8 (Flyball, 8RM, EV 81.9 MPH)
|
Top of the 3rd over - 0 runs, 1 hit, 0 errors, 2 left on base; Lewiston 3 - Kennewick 1 |
BOTTOM OF THE 3RD |
Kennewick Bear Cubs batting - Pitching for Lewiston Broncs : RHP Wray Bergendahl
|
Batting: LHB Shane Fairbanks
|
0-0: Ground out U3 (Groundball, 3S, EV 79.4 MPH)
|
Batting: LHB John Mizerock
|
0-0: Ball 1-0: Called Strike 1-1: Ball 2-1: Reached on error, E4 (Groundball, 4, EV 106.9 MPH)
|
Batting: RHB Matthew Sferrazza
|
0-0: Ball 1-0: Ball 2-0: Grounds into double play, 4-6-3 (Groundball, 4M, EV 102.5 MPH)
|
Bottom of the 3rd over - 0 runs, 0 hits, 1 error, 0 left on base; Lewiston 3 - Kennewick 1 |
TOP OF THE 4TH |
Lewiston Broncs batting - Pitching for Kennewick Bear Cubs : LHP Ramon Mascorro
|
Batting: RHB Thomas Gaeta
|
0-0: Ball 1-0: Foul Ball, location: 2F 1-1: Called Strike 1-2: Strikes out swinging
|
Batting: SHB Stephen Kowalski
|
0-0: Ball 1-0: Ball 2-0: Swinging Strike 2-1: Swinging Strike 2-2: Ball 3-2: Base on Balls
|
Batting: LHB Wayne Kirby
|
0-0: Called Strike 0-1: Swinging Strike 0-2: Grounds into double play, 5-4-3 (Groundball, 56, EV 108.1 MPH)
|
Top of the 4th over - 0 runs, 0 hits, 0 errors, 0 left on base; Lewiston 3 - Kennewick 1 |
BOTTOM OF THE 4TH |
Kennewick Bear Cubs batting - Pitching for Lewiston Broncs : RHP Wray Bergendahl
|
Batting: LHB Steven Morris
|
0-0: Ball 1-0: Ball 2-0: Called Strike 2-1: SINGLE (Groundball, 4MD, EV 101.3 MPH)
|
Batting: LHB Jose Birriel
|
0-0: Ball 1-0: Called Strike 1-1: Ball 2-1: Foul Ball, location: 2F 2-2: Ball 3-2: Strikes out swinging
|
Batting: RHB Jonathan Black
|
0-0: Called Strike 0-1: Foul Ball, location: 2F 0-2: Ball 1-2: Ball 2-2: Ball 3-2: 2-RUN HOME RUN (Flyball, 7LD, EV 91.3 MPH), Distance : 344 ft
|
Batting: RHB Roger Jensen
|
0-0: Ball 1-0: Ball 2-0: Foul Ball, location: 2F 2-1: Foul Ball, location: 2F 2-2: Ground out 2-3 (Groundball, 2R, EV 66.3 MPH)
|
Batting: RHB Ruben Machado
|
0-0: Ball 1-0: Ball 2-0: Foul Ball, location: 2F 2-1: Foul Ball, location: 2F 2-2: Ball 3-2: Strikes out looking
|
Bottom of the 4th over - 2 runs, 2 hits, 0 errors, 0 left on base; Lewiston 3 - Kennewick 3 |
TOP OF THE 5TH |
Lewiston Broncs batting - Pitching for Kennewick Bear Cubs : LHP Ramon Mascorro
|
Batting: LHB Nestor Moreno
|
0-0: Ground out 4-3 (Groundball, 4, EV 80.0 MPH)
|
Batting: RHB Jeff Kunkel
|
0-0: Ball 1-0: Ball 2-0: Ball 3-0: Base on Balls
|
Batting: RHB Bruce Castoria
|
0-0: Called Strike 0-1: Swinging Strike 0-2: Strikes out swinging
|
Batting: RHB Sal D'Alessandro
|
0-0: Ball 1-0: Ground out 1-3 (Groundball, 15, EV 65.0 MPH)
|
Top of the 5th over - 0 runs, 0 hits, 0 errors, 1 left on base; Lewiston 3 - Kennewick 3 |
BOTTOM OF THE 5TH |
Kennewick Bear Cubs batting - Pitching for Lewiston Broncs : RHP Wray Bergendahl
|
Batting: SHB Eriberto Them
|
0-0: Foul Ball, location: 2F 0-1: Swinging Strike 0-2: Ball 1-2: Ball 2-2: Ball 3-2: Base on Balls
|
Batting: LHB Shane Fairbanks
|
0-0: Ball 1-0: Ball Wild Pitch! Eriberto Them to second 2-0: Ball 3-0: Called Strike 3-1: Base on Balls
|
Batting: LHB John Mizerock
|
0-0: Called Strike 0-1: Called Strike 0-2: Fly out, F9 (Flyball, 9D, EV 96.3 MPH) Runner from 2nd tags up, SAFE at 3rd, no throw by RF
|
Batting: RHB Matthew Sferrazza
|
0-0: Foul Ball, location: 2F 0-1: Ball 1-1: Called Strike 1-2: Foul Ball, location: 2F 1-2: SINGLE (Groundball, 34D, EV 96.3 MPH) Eriberto Them scores Shane Fairbanks to second Runner from 2nd tries for 3rd, SAFE, throw by RF made to third
|
Batting: LHB Steven Morris
|
0-0: Ball 1-0: Ball 2-0: Foul Ball, location: 2F 2-1: Swinging Strike 2-2: Fly out, F8 (Flyball, 8RD, EV 84.4 MPH) Runner from 3rd tags up, SCORES, throw by CF
|
Batting: LHB Jose Birriel
|
0-0: Foul Ball, location: 2F 0-1: Ball 1-1: SINGLE (Line Drive, 8RS, EV 98.8 MPH) Matthew Sferrazza to second Runner from 2nd tries for 3rd, OUT! 8-5
|
Bottom of the 5th over - 2 runs, 2 hits, 0 errors, 1 left on base; Lewiston 3 - Kennewick 5 |
TOP OF THE 6TH |
Lewiston Broncs batting - Pitching for Kennewick Bear Cubs : LHP Ramon Mascorro
|
Batting: RHB Julio Marin
|
0-0: Fly out, F9 (Flyball, 9LS, EV 84.4 MPH)
|
Batting: RHB Tony Cordova
|
0-0: Reached via error on a dropped throw from SS, E3 (Groundball, 6, EV 85.6 MPH)
|
Batting: RHB Thomas Gaeta
|
0-0: Fielders Choice at 2nd, 4-6 (Groundball, 34, EV 103.8 MPH)
|
Batting: SHB Stephen Kowalski
|
0-0: Called Strike 0-1: Ball 1-1: Ball 2-1: DOUBLE (Line Drive, 89M, EV 88.8 MPH) Thomas Gaeta to third Runner from 3rd tries for Home, SAFE, throw by RF to home
|
Batting: LHB Wayne Kirby
|
0-0: Called Strike 0-1: Swinging Strike 0-2: Fly out, F9 (Line Drive, 9D, EV 90.6 MPH)
|
Top of the 6th over - 1 run, 1 hit, 1 error, 1 left on base; Lewiston 4 - Kennewick 5 |
BOTTOM OF THE 6TH |
Kennewick Bear Cubs batting - Pitching for Lewiston Broncs : RHP Wray Bergendahl
|
Batting: RHB Jonathan Black
|
0-0: Ball 1-0: Foul Ball, location: 2F 1-1: Ball 2-1: Ball 3-1: Called Strike 3-2: Foul Ball, location: 2F 3-2: Fly out, F9 (Line Drive, 9, EV 87.5 MPH)
|
Batting: RHB Roger Jensen
|
0-0: Called Strike 0-1: DOUBLE (Line Drive, 9LM, EV 93.8 MPH)
|
Batting: RHB Ruben Machado
|
0-0: Called Strike 0-1: Ground out 1-3 (Groundball, P, EV 66.9 MPH) Roger Jensen to third
|
Batting: SHB Eriberto Them
|
0-0: Ball 1-0: Called Strike 1-1: Ball 2-1: Foul Ball, location: 2F 2-2: SINGLE (Line Drive, 9S, EV 108.8 MPH) Roger Jensen scores
|
Pitching: RHP Scott Barnhouse
|
|
Batting: LHB Shane Fairbanks
|
0-0: Fielders Choice at 2nd, U6 (Groundball, 6M, EV 88.8 MPH)
|
Bottom of the 6th over - 1 run, 2 hits, 0 errors, 1 left on base; Lewiston 4 - Kennewick 6 |
TOP OF THE 7TH |
Lewiston Broncs batting - Pitching for Kennewick Bear Cubs : LHP Ramon Mascorro
|
Batting: LHB Nestor Moreno
|
0-0: Ball 1-0: Ground out 1-3 (Groundball, 13S, EV 69.4 MPH)
|
Batting: RHB Jeff Kunkel
|
0-0: SINGLE (Line Drive, 56D, EV 105.0 MPH)
|
Batting: RHB Bruce Castoria
|
0-0: Ball 1-0: Foul Ball, location: 2F 1-1: Ball 2-1: SINGLE (Groundball, 56D, EV 103.1 MPH) Jeff Kunkel to second
|
Batting: RHB Sal D'Alessandro
|
0-0: Foul Ball, location: 2F 0-1: Grounds into double play, 6-4-3 (Groundball, 6, EV 78.1 MPH)
|
Top of the 7th over - 0 runs, 2 hits, 0 errors, 1 left on base; Lewiston 4 - Kennewick 6 |
BOTTOM OF THE 7TH |
Kennewick Bear Cubs batting - Pitching for Lewiston Broncs : RHP Scott Barnhouse
|
Batting: LHB John Mizerock
|
0-0: Foul Ball, location: 2F 0-1: Ball 1-1: Swinging Strike 1-2: Strikes out swinging
|
Batting: RHB Matthew Sferrazza
|
0-0: Ball 1-0: Ball 2-0: SOLO HOME RUN (Flyball, 7D, EV 95.0 MPH), Distance : 357 ft
|
Batting: LHB Steven Morris
|
0-0: Ball 1-0: Foul Ball, location: 2F 1-1: Called Strike 1-2: Strikes out swinging, 2-3 out at first.
|
Batting: LHB Jose Birriel
|
0-0: Ball 1-0: Called Strike 1-1: Ball 2-1: Swinging Strike 2-2: Ball 3-2: Fly out, F8 (Flyball, 78M, EV 85.6 MPH)
|
Bottom of the 7th over - 1 run, 1 hit, 0 errors, 0 left on base; Lewiston 4 - Kennewick 7 |
TOP OF THE 8TH |
Lewiston Broncs batting - Pitching for Kennewick Bear Cubs : LHP Ramon Mascorro
|
Batting: RHB Julio Marin
|
0-0: Foul Ball, location: 2F 0-1: Ball 1-1: Fly out, F8 (Flyball, 8RXD, EV 105.6 MPH)
|
Batting: RHB Tony Cordova
|
0-0: Called Strike 0-1: Swinging Strike 0-2: Ball 1-2: SINGLE (Groundball, 56S, EV 66.3 MPH) (infield hit)
|
Batting: RHB Thomas Gaeta
|
0-0: Ball 1-0: Fly out, F8 (Flyball, 8RD, EV 86.3 MPH)
|
Batting: SHB Stephen Kowalski
|
0-0: Ground out 5-3 (Groundball, 15, EV 84.4 MPH)
|
Top of the 8th over - 0 runs, 1 hit, 0 errors, 1 left on base; Lewiston 4 - Kennewick 7 |
BOTTOM OF THE 8TH |
Kennewick Bear Cubs batting - Pitching for Lewiston Broncs : RHP Scott Barnhouse
|
Batting: RHB Jonathan Black
|
0-0: Swinging Strike 0-1: Swinging Strike 0-2: Foul Ball, location: 2F 0-2: Ball 1-2: Strikes out swinging
|
Batting: RHB Roger Jensen
|
0-0: Ball 1-0: Swinging Strike 1-1: Called Strike 1-2: Strikes out swinging
|
Batting: RHB Ruben Machado
|
0-0: Ball 1-0: Ground out 6-3 (Groundball, 6, EV 101.9 MPH)
|
Bottom of the 8th over - 0 runs, 0 hits, 0 errors, 0 left on base; Lewiston 4 - Kennewick 7 |
TOP OF THE 9TH |
Lewiston Broncs batting - Pitching for Kennewick Bear Cubs : LHP Ramon Mascorro
|
Now in CF: Kenneth Whitfield
|
|
Batting: LHB Wayne Kirby
|
0-0: Ball 1-0: Foul Ball, location: 2F 1-1: Fly out, F7 (Flyball, 7LM, EV 87.5 MPH)
|
Batting: LHB Nestor Moreno
|
0-0: Ball 1-0: Ground out 4-3 (Groundball, 4, EV 101.3 MPH)
|
Batting: RHB Jeff Kunkel
|
0-0: Foul Ball, location: 2F 0-1: Called Strike 0-2: Ball 1-2: Ball 2-2: Ball 3-2: Fly out, F8 (Flyball, 8LXD, EV 78.8 MPH)
|
Top of the 9th over - 0 runs, 0 hits, 0 errors, 0 left on base; Lewiston 4 - Kennewick 7 |
|